 Dungeon Crawl Stone Soup version 0.26-a0-18-g135ff06667 (webtiles) character file.

Game seed: 16496604473018853622, levelgen mode: deterministic

42261 Foltvin the Geomancer (level 14, -1/86 HPs)
             Began as a Gargoyle Earth Elementalist on May 25, 2020.
             Was a High Priest of Vehumet.
             Slain by an elephant zombie (7 damage)
             ... on level 3 of the Lair of Beasts.
             The game lasted 00:47:59 (20191 turns).

Foltvin the Geomancer (GrEE)                       Turns: 20191, Time: 00:47:59

Health: -1/86      AC: 22    Str: 16    XL:     14   Next: 19%
Magic:  27/27      EV: 24    Int: 19    God:    Vehumet [*****.]
Gold:   903        SH:  0    Dex: 13    Spells: 23/32 levels left

rFire    . . .     SeeInvis +   r - +2 war axe "Reupriax" {speed, rN++ Str+2}
rCold    + . .     Gourm    .   (no shield)
rNeg     + + +     Faith    .   W - +2 robe {rC+}
rPois    ∞         Spirit   .   t - +2 helmet {SInv}
rElec    +         Reflect  .   K - scarf {+Inv}
rCorr    .         Harm     .   n - +2 pair of gloves {Dex+3}
MR       +....                  J - +0 pair of boots
Stlth    ++........             f - amulet of magic regeneration
HPRegen  0.24/turn              A - +4 ring of evasion
MPRegen  0.45/turn              z - +4 ring of evasion

@: mighty, berserk cooldown, very slightly contaminated, hasted and slowed
A: big wings, negative energy resistance 1, electricity resistance, unbreathing,
petrification resistance, rot immunity, AC +10
a: Fly, Renounce Religion, Evoke Invisibility


You were on level 3 of the Lair of Beasts.
You worshipped Vehumet.
Vehumet was extremely pleased with you.
You were not hungry.

You visited 3 branches of the dungeon, and saw 18 of its levels.

You collected 903 gold pieces.

Inventory:

Hand Weapons
 c - a +0 morningstar
 p - a +1 flail of draining
 r - the +2 war axe "Reupriax" (weapon) {speed, rN++ Str+2}
   (You found it on level 4 of the Dungeon)

   Attacks with this weapon are significantly faster.
   It affects your strength (+2).
   It greatly protects you from negative energy.
Missiles
 b - 136 stones (quivered)
 v - 5 throwing nets
Armour
 g - a +1 cloak
 n - a +2 pair of gloves of dexterity (worn)
 t - a +2 helmet of see invisible (worn)
 J - a +0 pair of boots (worn)
 K - a scarf of invisibility (worn)
 W - a +2 robe of cold resistance (worn)
Jewellery
 f - an amulet of magic regeneration (around neck)
 l - an uncursed ring of stealth
 z - a +4 ring of evasion (right hand)
 A - a +4 ring of evasion (left hand)
 C - an uncursed ring of wizardry
 E - an uncursed ring of flight
 F - an uncursed ring of protection from fire
 S - an uncursed ring of protection from fire
 V - an uncursed ring of protection from cold {unknown}
Wands
 j - a wand of paralysis (12)
 s - a wand of random effects (20)
 B - a wand of digging (7)
 D - a wand of clouds (3)
 I - a wand of flame (46)
Scrolls
 a - 4 scrolls of remove curse
 h - 6 scrolls of teleportation
 o - 5 scrolls of amnesia
 q - 3 scrolls of fog
 w - a scroll of identify
 x - 3 scrolls of immolation
 y - a scroll of fear
 H - a scroll of magic mapping
 L - 3 scrolls of enchant weapon
 U - a scroll of blinking
Potions
 e - 3 potions of curing
 i - a potion of berserk rage
 k - 3 potions of brilliance
 m - 3 potions of resistance
 G - 3 potions of lignification
 O - 2 potions of stabbing
 P - a potion of flight
 R - a potion of magic
Miscellaneous
 N - a box of beasts
 Q - a phantom mirror
Comestibles
 d - 30 rations


   Skills:
 + Level 9.5 Fighting
 + Level 8.7 Maces & Flails
 - Level 6.0 Armour
 + Level 7.7 Dodging
 - Level 2.1 Stealth
 + Level 9.5 Spellcasting
 + Level 10.6 Conjurations
   Level 0.7 Transmutations
 + Level 12.3 Earth Magic
 - Level 6.0 Evocations


You had 23 spell levels left.
You knew the following spells:

 Your Spells              Type           Power        Failure   Level  Hunger
a - Sandblast             Erth           ######       1%          1    None
b - Stone Arrow           Conj/Erth      ######       1%          3    None
c - Lee's Rapid Deconstr  Erth           ######....   1%          5    #####..

Your spell library contained the following spells:

 Spells                   Type           Power        Failure   Level  Hunger
 Airstrike                Air            #.........   21%         4    ###....
 Passwall                 Tmut/Erth      ####....     1%          2    None
 Conjure Flame            Conj/Fire      ####....     1%          3    None
 Mephitic Cloud           Conj/Pois/Air  ###.....     1%          3    None
 Freeze                   Ice            #...         2%          1    None
 Hailstorm                Conj/Ice       ####....     2%          4    ###....
 Petrify                  Tmut/Erth      ####....     5%          4    ###....
 Frozen Ramparts          Ice            #.....       7%          3    None
 Poisonous Vapours        Pois/Air       #.....       12%         2    None
 Confusing Touch          Hex            #.......     24%         3    None
 Gell's Gravitas          Tloc           #.........   24%         3    None
 Ozocubu's Armour         Chrm/Ice       #.......     24%         3    None
 Yara's Violent Unravell  Hex/Tmut       ##........   41%         5    #####..
 Freezing Cloud           Conj/Ice/Air   ###.......   54%         6    ######.
 Summon Ice Beast         Ice/Summ       #.......     61%         4    ###....
 Metabolic Englaciation   Hex/Ice        #.........   91%         5    #####..
 Ring of Flames           Chrm/Fire      #.........   100%        7    #######


Dungeon Overview and Level Annotations

Branches:
Dungeon (14/15)            Temple (1/1) D:4            Lair (3/6) D:11
 Shoals (0/4) Lair:2          Orc (0/2) D:10         Vaults (0/5) D:13
  Snake: Lair:2-4    Spider: Lair:2-4

Altars:
Ashenzari
Cheibriados
Dithmenos
Elyvilon
Fedhas
Gozag
Hepliaklqana
Kikubaaqudgha
Makhleb
Nemelex Xobeh
Okawaru
Qazlal
Ru
Sif Muna
Trog
Uskayaw
Vehumet
Wu Jian
Xom
Yredelemnul
Zin
The Shining One
Beogh

Shops:
D:9 }   D:11 %

Annotations:
Lair:3 Gastronok


Innate Abilities, Weirdness & Mutations

You are resistant to torment.
Your stone body is resilient. (AC +10)
You are immune to poison.
Your large and strong wings let you fly indefinitely.
You resist negative energy. (rN+)
You are resistant to electric shocks. (rElec)
You can survive without breathing.
You are immune to petrification.
You are immune to rotting.


Message History

The elephant zombie misses you.
Unknown command.
You hit Gastronok.
Gastronok is almost dead.
You slash the basilisk zombie! You hit the elephant zombie.
You slash the crocodile simulacrum!
The crocodile simulacrum vapourises!
You hit the elephant zombie. The elephant zombie tramples you.
The elephant zombie trunk-slaps you but does no damage.
Gastronok bites you!
* * * LOW HITPOINT WARNING * * *
You slash Gastronok!
Gastronok is almost dead.
You closely miss the basilisk zombie. You slash the elephant zombie! x2
The basilisk zombie bites you!
* * * LOW HITPOINT WARNING * * *
The elephant zombie completely misses you.
The elephant zombie trunk-slaps you but does no damage.
The elephant zombie tramples you!
You die...

.###.............
.................
[............(...
.................
................ # #
#.............
#?.#.##.....<.......
.......ZZ...........
......)@w...........
......○.Z...........
............>.......
......?.............
......#.............
.....#.#............
<....###............
...P# #..........


You could see Gastronok (soul bound, swift), a basilisk zombie and 2 elephant
zombies.

Vanquished Creatures
  Erolcha (D:13)
  Harold (Lair:1)
  A hydra (Lair:2)
  2 centaur warriors
  Erica (Lair:2)
  3 two-headed ogres
  The ghost of Oshahoz the Thaumaturge, a novice DESu of Sif Muna (D:9)
  4 unseen horrors
  A necromancer (Lair:3)
  7 ugly things
  An orc knight (D:10)
  2 cyclopes (D:11)
  An oklob plant (D:6)
  2 deep elf magi
  2 manticores
  A wolf spider zombie (D:14)
  2 orc sorcerers
  Maurice (D:9)
  4 elephants (Lair:3)
  A black mamba (Lair:2)
  5 centaur zombies
  A gargoyle (D:13)
  6 spiny frogs
  2 komodo dragons
  3 rime drakes
  An efreet (D:13)
  A merfolk (D:11)
  2 tengu conjurers (D:14)
  4 trolls
  A queen bee (D:12)
  4 slime creatures (D:12)
  3 hippogriffs
  Sigmund (D:6)
  A shadow (D:14)
  5 wyverns
  26 yaks
  4 vampire mosquitoes (D:12)
  A hungry ghost (D:13)
  A warg (D:9)
  Duvessa (D:5)
  A soldier ant (D:13)
  4 water moccasins
  5 porcupines
  10 orc warriors
  A black bear (D:9)
  A sky beast (D:8)
  An eye of draining (D:14)
  3 phantoms
  An ice beast (D:10)
  6 ogres
  3 necrophages
  7 centaurs
  3 wolves (Lair:1)
  The ghost of mora the Caller, an amateur GnSu (D:4)
  21 crocodiles
  4 big kobolds
  14 bullfrogs
  4 gnoll sergeants
  Dowan (D:5)
  A wyvern zombie (D:11)
  2 scorpions (D:11)
  A wyvern skeleton (D:12)
  13 killer bees (D:12)
  10 wights
  A howler monkey (D:11)
  An electric eel (D:12)
  5 crimson imps
  2 jellies (D:6)
  3 hounds
  7 orc priests
  2 bullfrog skeletons (D:12)
  2 centaur skeletons
  A gnoll shaman (D:7)
  Ijyb (D:5)
  7 iguanas
  13 orc wizards
  7 worker ants
  A killer bee zombie (D:6)
  2 hound zombies
  A worker ant zombie (D:8)
  12 adders
  24 gnolls
  3 shadow imps
  16 oozes
  4 adder skeletons
  7 worms
  15 leopard geckos
  64 orcs
  6 bats
  4 giant cockroaches
  5 goblins
  7 hobgoblins
  19 jackals
  11 kobolds
  4 quokkas
  A ball python (D:3)
  11 frilled lizards
  3 leopard gecko zombies
  2 quokka zombies (D:7)
  9 rats
  8 fungi (D:6)
521 creatures vanquished.

Vanquished Creatures (others)
  A bullfrog (Lair:3)
  15 fungi
  8 plants
24 creatures vanquished.

Grand Total: 545 creatures vanquished

Notes
Turn   | Place    | Note
-------+----------+-------------------------------------------
     0 | D:1      | Foltvin the Gargoyle Earth Elementalist began the quest for
                  | the Orb.
     0 | D:1      | Reached XP level 1. HP: 10/10 MP: 3/3
    71 | D:1      | You fall into a shaft and drop 1 floor!
   538 | D:1      | Reached skill level 4 in Earth Magic
   538 | D:1      | Reached XP level 2. HP: 13/15 MP: 5/5
  1178 | D:2      | Reached XP level 3. HP: 19/19 MP: 4/6
  1183 | D:2      | Learned a level 3 spell: Stone Arrow
  1220 | D:2      | Found a sparkling altar of Nemelex Xobeh.
  1664 | D:2      | Reached skill level 1 in Conjurations
  1664 | D:2      | Reached XP level 4. HP: 24/24 MP: 5/8
  2168 | D:3      | Reached skill level 5 in Earth Magic
  2174 | D:3      | Reached XP level 5. HP: 25/28 MP: 2/9
  2186 | D:3      | Learned a level 5 spell: Lee's Rapid Deconstruction
  2381 | D:3      | Found a hide-covered altar of Uskayaw.
  2382 | D:3      | Noticed a +0 dagger
  2382 | D:3      | Noticed a +0 hand axe
  3502 | D:4      | Noticed an ogre
  3507 | D:4      | Killed an ogre
  3507 | D:4      | Reached XP level 6. HP: 32/32 MP: 7/11
  3522 | D:4      | Found a large runed translucent door.
  3523 | D:4      | Found a large runed translucent door.
  3526 | D:4      | Noticed mora's ghost (amateur GnSu)
  3570 | D:4      | Got a dazzling war axe
  3571 | D:4      | Identified the +2 war axe "Reupriax" {speed, rN++ Str+2}
                  | (You found it on level 4 of the Dungeon)
  3746 | D:4      | Found a staircase to the Ecumenical Temple.
  3763 | Temple   | Entered the Ecumenical Temple
  4095 | D:4      | Noticed a phantom
  4116 | D:4      | Killed a phantom
  4116 | D:4      | Reached skill level 6 in Earth Magic
  4390 | D:4      | Killed mora's ghost
  4390 | D:4      | Reached XP level 7. HP: 36/36 MP: 5/13
  4469 | D:5      | Entered Level 5 of the Dungeon
  4507 | D:5      | Found a glowing silver altar of Zin.
  4519 | D:5      | Noticed Dowan
  4521 | D:5      | Noticed Duvessa
  4561 | D:5      | Killed Duvessa
  4574 | D:5      | Killed Dowan
  5140 | D:5      | Found a white marble altar of Elyvilon.
  5215 | D:5      | Noticed Ijyb
  5224 | D:5      | Killed Ijyb
  5377 | D:5      | You fall into a shaft and drop 2 floors!
  5420 | D:6      | Reached skill level 7 in Earth Magic
  5420 | D:6      | Reached XP level 8. HP: 42/42 MP: 12/15
  5565 | D:6      | Reached skill level 1 in Armour
  5571 | D:6      | Reached skill level 1 in Fighting
  5740 | D:6      | Reached skill level 1 in Maces & Flails
  5740 | D:6      | Reached skill level 1 in Evocations
  5745 | D:6      | Reached skill level 5 in Spellcasting
  5814 | D:6      | Noticed an oklob plant
  5817 | D:6      | Killed an oklob plant
  5817 | D:6      | Reached skill level 5 in Conjurations
  6254 | D:6      | Noticed Sigmund
  6277 | D:6      | Killed Sigmund
  6277 | D:6      | Reached XP level 9. HP: 26/49 MP: 15/17
  7470 | D:7      | Found a radiant altar of Vehumet.
  7476 | D:7      | Became a worshipper of Vehumet
  7715 | D:8      | Noticed a two-headed ogre
  7792 | D:8      | Reached skill level 8 in Earth Magic
  8243 | D:8      | Killed an unseen horror
  8243 | D:8      | Reached XP level 10. HP: 25/56 MP: 13/19
  8495 | D:8      | Reached * piety under Vehumet
  8495 | D:8      | Offered knowledge of Shock by Vehumet.
  8876 | D:9      | Noticed Maurice
  8930 | D:9      | Killed Maurice
  9282 | D:9      | Found a blossoming altar of Fedhas.
  9283 | D:9      | Found a stormy altar of Qazlal.
  9350 | D:9      | Found Senoag's Gadget Shop.
  9495 | D:9      | Found a runed translucent gate.
  9496 | D:9      | Found a runed translucent gate.
  9497 | D:9      | Found a runed translucent gate.
  9506 | D:9      | Noticed Oshahoz's ghost (novice DESu)
  9509 | D:9      | Found a roughly hewn altar of Beogh.
  9542 | D:9      | Killed Oshahoz's ghost
  9556 | D:9      | Reached skill level 5 in Armour
  9891 | D:9      | Reached ** piety under Vehumet
  9891 | D:9      | Reached skill level 9 in Earth Magic
  9952 | D:9      | Reached skill level 5 in Fighting
  9958 | D:9      | Offered knowledge of Magic Dart by Vehumet.
 10095 | D:9      | Reached XP level 11. HP: 64/64 MP: 14/21
 10503 | D:10     | Entered Level 10 of the Dungeon
 10503 | D:10     | Found a hide-covered altar of Uskayaw.
 11083 | D:10     | Found a staircase to the Orcish Mines.
 11110 | D:10     | Reached skill level 5 in Maces & Flails
 11125 | D:10     | Offered knowledge of Dazzling Flash by Vehumet.
 11524 | D:10     | Reached *** piety under Vehumet
 11817 | D:11     | Noticed an orc knight
 11817 | D:11     | Noticed an orc sorcerer
 11817 | D:11     | Noticed an orc sorcerer
 11837 | D:10     | Killed an orc sorcerer
 11847 | D:10     | Killed an orc knight
 12048 | D:11     | Killed an orc sorcerer
 12048 | D:11     | Reached skill level 5 in Dodging
 12048 | D:11     | Reached skill level 5 in Evocations
 12146 | D:11     | Noticed a two-headed ogre
 12152 | D:11     | Killed a two-headed ogre
 12339 | D:11     | Offered knowledge of Inner Flame by Vehumet.
 12644 | D:11     | Found a staircase to the Lair.
 12683 | D:11     | Found Wyageize's Food Emporium.
 12741 | D:11     | Noticed a white ugly thing
 12752 | D:11     | Killed a white ugly thing
 13115 | D:11     | Noticed a cyclops
 13145 | D:11     | Killed a cyclops
 13145 | D:11     | Reached skill level 10 in Earth Magic
 13250 | D:11     | Reached XP level 12. HP: 62/71 MP: 23/23
 13632 | D:11     | Reached **** piety under Vehumet
 13636 | D:11     | You fall into a shaft and drop 1 floor!
 13651 | D:12     | Offered knowledge of Sticky Flame by Vehumet.
 14522 | D:12     | Noticed a two-headed ogre
 14529 | D:12     | Killed a two-headed ogre
 15588 | D:13     | Reached ***** piety under Vehumet
 15685 | D:13     | Noticed a centaur warrior
 15700 | D:13     | Killed a centaur warrior
 15900 | D:13     | Offered knowledge of Lightning Bolt by Vehumet.
 15951 | D:13     | Reached skill level 11 in Earth Magic
 15998 | D:13     | Noticed a two-headed ogre
 16006 | D:13     | Reached XP level 13. HP: 78/78 MP: 14/25
 16059 | D:13     | Found a gate to the Vaults.
 16132 | D:13     | Noticed Erolcha
 16138 | D:13     | Killed Erolcha
 17340 | Lair:1   | Entered Level 1 of the Lair of Beasts
 17529 | Lair:1   | Reached skill level 10 in Conjurations
 18092 | Lair:1   | Noticed Harold
 18102 | Lair:1   | Killed Harold
 19048 | Lair:2   | Offered knowledge of Airstrike by Vehumet.
 19076 | Lair:2   | Found a staircase to the Shoals.
 19473 | Lair:2   | Reached skill level 12 in Earth Magic
 19569 | Lair:2   | Gained mutation: Your large and strong wings let you fly
                  | indefinitely. [Gargoyle growth]
 19569 | Lair:2   | Reached XP level 14. HP: 60/86 MP: 23/27
 19869 | Lair:2   | Noticed Erica
 19874 | Lair:2   | Killed Erica
 20143 | Lair:3   | Noticed Gastronok
 20191 | Lair:3   | Slain by an elephant zombie

Illustrated notes

Levels and vault maps discovered:
D:1:      heliophobic_arrival_ceremonial_halls, layout_rooms
D:2:      layout_rooms, nemelex_xobeh_ov_fountains_minmay, first_ration
D:3:      kennysheep_big_flooded_room, layout_basic, dancing_weapons_uskayaw,
          grunt_decor_arrowhead, chequers_big_river
D:4:      layout_basic, temple_green, ebering_ghost_disaster_area
D:5:      layout_cave_pods, elyvilon_altar_4, kennysheep_little_box,
          uniq_duvessa, uniq_ijyb
D:6:      lemuel_slime, layout_basic, uniq_sigmund
D:7:      layout_basic, marbit_many_paths
D:8:      layout_basic
D:9:      layout_gridville, grunt_temple_overflow_forces_of_nature,
          biasface_ghost_orc_armoury, serial_shops, shop, uniq_maurice
D:10:     layout_gridville, kennysheep_orc_monster_closet_entryway, basic_altar
D:11:     layout_long_grid, grunt_lair_entry_orc_guard_hut, serial_shops,
          nicolae_shop_temple_entry_statues_fountains, hangedman_fish_farm
D:12:     layout_cave_pools, hive_lemuel
D:13:     layout_roguey, david_vaults_1, uniq_erolcha
D:14:     layout_cave_pools, palyth_stone_intersect, grunt_ministairs_12
Temple:   regret_index_temple_generic_petals
Lair:1:   layout_layer_cave, grunt_forest_small_clearings, grunt_megastairs_2,
          uniq_harold
Lair:2:   lemuel_reptile_caves, layout_misc_corridors,
          minmay_shoals_entry_centaurs, uniq_erica
Lair:3:   pond_and_an_island_with_a_cottage, layout_gridlike,
          gammafunk_ghost_icy, portal_ice_cave_demonic_guard,
          serial_bayou_shore_a, uniq_gastronok

Skill      XL: |  1  2  3  4  5  6  7  8  9 10 11 12 13 |
---------------+----------------------------------------+-----
Earth Magic    | 4 5 6 7 8 9 10 11 12 | 12.3
Conjurations   | 1 2 3 4 5 6 7 8 9 10 | 10.6
Spellcasting   | 3 4 5 6 7 8 9 |  9.5
Armour         | 2 4 5 6 |  6.0
Fighting       | 2 4 5 6 7 9 |  9.5
Maces & Flails | 2 3 4 5 7 8 |  8.7
Dodging        | 2 3 4 5 6 7 |  7.7
Evocations     | 2 3 4 5 6 |  6.0
Stealth        | |  2.1
Transmutations | |  0.7

Action                   |  1- 3 |  4- 6 |  7- 9 | 10-12 | 13-15 || total
-------------------------+-------+-------+-------+-------+-------++-------
Melee: Mace              |    64 |    47 |       |       |       ||   111
       War axe           |       |    21 |   230 |   686 |   369 ||  1306
 Cast: Sandblast         |    17 |    74 |    94 |   131 |    24 ||   340
       Lee's Rapid Decon |       |       |     1 |    36 |    25 ||    62
       Stone Arrow       |       |       |     1 |    75 |    59 ||   135
 Abil: Evoke Invisibilit |       |       |       |       |     1 ||     1
Evoke: Wand              |       |       |     2 |    12 |     2 ||    16
  Use: Scroll            |       |    14 |     5 |     6 |     7 ||    32
       Potion            |       |       |     2 |     7 |     7 ||    16
 Stab: Sleeping          |     3 |     4 |     3 |     3 |     2 ||    15
       Distracted        |       |       |       |     2 |     1 ||     3
       Invisible         |       |       |       |       |     2 ||     2
  Eat: Chunk             |     3 |     7 |    13 |    33 |    20 ||    76
       Ration            |       |       |       |     1 |     1 ||     2
Armor: Robe              |    21 |    42 |   104 |   263 |   106 ||   536
Dodge: Dodged            |    52 |    59 |   282 |  1006 |   434 ||  1833

Table legend:
 A = Non-vault XP
 B = Vault XP
 C = Vault XP percentage of total XP
 D = Non-vault monster count
 E = Vault monster count
 F = Vault count percentage of total count
                 A         B        C        D         E       F
            +---------+---------+-------+---------+---------+-------
      Total |   46478 |   13896 |  23.0 |     390 |     123 |  24.0
            +---------+---------+-------+---------+---------+-------
        D:1 |      28 |       0 |   0.0 |      14 |       0 |   0.0
        D:2 |      63 |       0 |   0.0 |      23 |       0 |   0.0
        D:3 |     210 |       2 |   0.9 |      31 |       2 |   6.1
        D:4 |     289 |     110 |  27.6 |       9 |       1 |  10.0
        D:5 |     116 |     276 |  70.4 |      10 |       3 |  23.1
        D:6 |     437 |     975 |  69.1 |      20 |      19 |  48.7
        D:7 |     777 |       1 |   0.1 |      24 |       1 |   4.0
        D:8 |    2182 |       0 |   0.0 |      41 |       0 |   0.0
        D:9 |    1987 |    2030 |  50.5 |      25 |      15 |  37.5
       D:10 |    2600 |    1294 |  33.2 |      20 |      18 |  47.4
       D:11 |    5601 |     903 |  13.9 |      40 |       6 |  13.0
       D:12 |    6481 |     744 |  10.3 |      42 |      12 |  22.2
       D:13 |    4885 |    2482 |  33.7 |      20 |       3 |  13.0
       D:14 |    8222 |      32 |   0.4 |      22 |       1 |   4.3
     Lair:1 |    3438 |    1440 |  29.5 |      19 |       3 |  13.6
     Lair:2 |    5279 |    2973 |  36.0 |      18 |      38 |  67.9
     Lair:3 |    3883 |     634 |  14.0 |      12 |       1 |   7.7
            +---------+---------+-------+---------+---------+-------
